 Dungeon Crawl Stone Soup version 0.21.1-1-g345015f (webtiles) character file.

788 tognito the Cleaver (level 7, -5/85 HPs)
             Began as a Minotaur Berserker on Mar 25, 2018.
             Was a Priest of Trog.
             Killed by divine providence
             ... invoked by an orc priest
              (9 damage)
             ... on level 6 of the Dungeon.
             The game lasted 00:08:29 (5224 turns).

tognito the Cleaver (Minotaur Berserker)            Turns: 5224, Time: 00:08:30

Health: -5/85      AC: 14    Str: 29    XL:     7   Next: 56%
Magic:  6/6        EV: 10    Int:  4    God:    Trog [***...]
Gold:   364        SH:  0    Dex:  9    Spells: 6/6 levels left

rFire    . . .     SeeInvis .   a - +2 war axe (elec)
rCold    . . .     Gourm    .   (no shield)
rNeg     . . .     Faith    .   w - +0 plate armour
rPois    .         Spirit   .   (helmet restricted)
rElec    .         Reflect  .   (no cloak)
rCorr    .         Harm     .   (no gloves)
MR       .....                  s - +0 pair of boots
Stlth    ..........             (no amulet)
HPRegen  0.24/turn              (no ring)
MPRegen  0.10/turn              (no ring)

@: berserking, very quick
A: retaliatory headbutt, horns 2, repulsion field 1, yellow scales 1
a: Berserk, Trog's Hand, Burn Spellbooks, Renounce Religion


You were on level 6 of the Dungeon.
You worshipped Trog.
Trog was most pleased with you.
You were very hungry.

You visited 1 branch of the dungeon, and saw 6 of its levels.

You collected 364 gold pieces.

Inventory:

Hand Weapons
 a - a +2 war axe of electrocution (weapon)
 b - a +0 shortbow
Missiles
 i - 40 arrows
Armour
 s - a +0 pair of boots (worn)
 w - a +0 plate armour (worn)
Scrolls
 d - 7 scrolls of teleportation
 e - a scroll of immolation {unknown}
 f - 7 scrolls of remove curse
 g - 2 scrolls of random uselessness {unknown}
 h - a scroll of amnesia {unknown}
 j - a scroll of blinking {unknown}
 k - 3 scrolls of noise {unknown}
 l - 4 scrolls of identify
 m - 2 scrolls of fear {unknown}
 p - 5 scrolls of fog {unknown}
 q - a scroll of enchant weapon {unknown}
 u - a scroll of enchant armour {unknown}
 v - a scroll of holy word {unknown}
Potions
 n - a potion of agility
 r - a potion of magic
 t - 3 potions of heal wounds {unknown}
Comestibles
 c - 10 rations
 x - 6 chunks of flesh


   Skills:
 - Level 3.6 Fighting
 + Level 10.7 Axes
 - Level 2.4 Armour
 - Level 2.1 Dodging


You had 6 spell levels left.
You didn't know any spells.

Dungeon Overview and Level Annotations

Branches:
Dungeon (6/15)             Temple (0/1) D:5

Altars:
Dithmenos
Makhleb
Qazlal
Sif Muna
Wu Jian
Xom
The Shining One

Shops:
D:5 ?


Innate Abilities, Weirdness & Mutations

You reflexively headbutt those who attack you in melee.
You have a pair of horns on your head.
You are surrounded by a mild repulsion field. (EV +2)
You are partially covered in yellow scales. (AC +2)


Message History

The orc wizard is moderately wounded.
The orc wizard points at you and mumbles some strange words.
The magic dart hits you!
The orc priest mumbles some strange prayers to Beogh against you.
Beogh smites you!
The orc priest invokes the aid of Beogh against you.
Beogh smites you!
* * * LOW HITPOINT WARNING * * *
You closely miss the orc wizard. You headbutt the orc wizard!
The orc wizard is almost dead.
The orc wizard hits you but does no damage. x2
The orc closely misses you.
Okay, then.
A red film seems to cover your vision as you go berserk!
You feel yourself moving faster!
You feel mighty!
You are feeling very hungry.
The orc wizard hits you but does no damage.
The orc priest calls down the wrath of Beogh upon you.
Beogh smites you!
You die...

#..............<.###....##.
#................# #..### .
#................# #....
#................# #..#...
#........#.####### ...###..
#........#.########.#.# .
#................##.#.#
####....##...###.... .#
#......@...# #.(.#.oo....#
#...#..o....# # #..(....#
##.o(....# ..........
.........# #....(...##


You could see 2 orc priests, an orc wizard and an orc.

Vanquished Creatures
  An orc warrior (D:5)
  An ogre (D:3)
  A phantom (D:4)
  A centaur (D:5)
  4 crimson imps
  2 hounds
  An orc priest (D:5)
  2 orc wizards
  A worker ant (D:5)
  3 adders
  A white imp (D:5)
  2 adder zombies
  A worm (D:2)
  A dart slug (D:1)
  3 leopard geckos
  8 orcs
  4 giant cockroaches
  5 goblins
  3 hobgoblins
  8 jackals
  8 kobolds
  3 quokkas
  2 ball pythons
  8 bats
  7 frilled lizards
  A goblin skeleton (D:5)
  2 hobgoblin zombies (D:5)
  3 kobold skeletons (D:5)
  A kobold zombie (D:5)
  A leopard gecko skeleton (D:4)
  2 orc skeletons (D:5)
  An orc zombie (D:5)
  A quokka skeleton (D:4)
  9 rats
102 creatures vanquished.

Notes
Turn   | Place    | Note
-------+----------+-------------------------------------------
     0 | D:1      | tognito the Minotaur Berserker began the quest for the Orb.
     0 | D:1      | Reached XP level 1. HP: 19/19 MP: 0/0
    81 | D:1      | Reached skill level 4 in Axes
   210 | D:1      | Reached XP level 2. HP: 26/26 MP: 1/1
   940 | D:2      | Reached skill level 5 in Axes
  1012 | D:2      | Reached XP level 3. HP: 27/31 MP: 2/2
  1091 | D:2      | Found a stormy altar of Qazlal.
  1573 | D:2      | Reached ** piety under Trog
  2457 | D:3      | Found an ornate altar of the Wu Jian Council.
  2578 | D:3      | Found a burning altar of Makhleb.
  2618 | D:3      | Gained mutation: You are surrounded by a mild repulsion field. (EV +2) [potion of mutation]
  2618 | D:3      | Gained mutation: Your muscles are strong. (Str +2) [potion of mutation]
  2618 | D:3      | Lost mutation: Your muscles are strong. (Str +2) [potion of mutation]
  2618 | D:3      | Gained mutation: You are partially covered in yellow scales. (AC +2) [potion of mutation]
  2650 | D:3      | Found a shadowy altar of Dithmenos.
  2654 | D:3      | Noticed an ogre
  2657 | D:3      | Reached skill level 6 in Axes
  2657 | D:3      | Reached XP level 4. HP: 37/39 MP: 3/3
  2660 | D:3      | Killed an ogre
  2660 | D:3      | Reached skill level 7 in Axes
  2660 | D:3      | Reached XP level 5. HP: 43/45 MP: 4/4
  3114 | D:3      | Found a deep blue altar of Sif Muna.
  3410 | D:4      | Noticed a phantom
  3454 | D:4      | Killed a phantom
  3454 | D:4      | Reached skill level 8 in Axes
  3454 | D:4      | Reached XP level 6. HP: 28/51 MP: 5/5
  3731 | D:4      | Found a shimmering altar of Xom.
  4143 | D:4      | Reached skill level 9 in Axes
  4145 | D:4      | Got a brightly glowing robe
  4171 | D:5      | Entered Level 5 of the Dungeon
  4249 | D:5      | Reached *** piety under Trog
  4259 | D:5      | Found a glowing golden altar of the Shining One.
  4336 | D:5      | Found a staircase to the Ecumenical Temple.
  4588 | D:5      | Reached XP level 7. HP: 57/57 MP: 6/6
  4689 | D:5      | Found Qeqemopn's Magic Scroll Shoppe.
  4696 | D:5      | Identified the +2 robe "Muatt" {rC++} (You took it off a crimson imp on level 4 of the Dungeon)
  4726 | D:5      | Reached skill level 10 in Axes
  5224 | D:6      | Killed from afar by an orc priest

Skill      XL: |  1  2  3  4  5  6  7 |
---------------+----------------------+-----
Axes           | 4 5 6 7 8 9 10 | 10.7
Fighting       | |  3.6
Armour         | |  2.4
Dodging        | |  2.1

Action                   |  1- 3 |  4- 6 |  7- 9 || total
-------------------------+-------+-------+-------++-------
Melee: Hand axe          |    89 |    75 |       ||   164
       Headbutt          |     9 |    17 |     6 ||    32
       War axe           |       |    58 |    30 ||    88
 Fire: Shortbow          |       |       |     9 ||     9
Invok: Berserk           |       |       |     1 ||     1
  Use: Potion            |     7 |       |       ||     7
       Scroll            |       |       |     3 ||     3
 Stab: Sleeping          |     1 |       |       ||     1
  Eat: Chunk             |     5 |     6 |     2 ||    13
Armor: Animal skin       |    19 |    14 |       ||    33
       Plate armour      |       |    22 |    22 ||    44
       Scale mail        |       |     5 |       ||     5
Dodge: Dodged            |    59 |    78 |    12 ||   149
